 Dungeon Crawl Stone Soup version 0.28.0-53-g5a82cb258f (webtiles) character file.

Game seed: 16539396295701071034

742 buhh the Skirmisher (level 7, -1/52 HPs)
             Began as an Octopode Transmuter on June 20, 2022.
             Was a Follower of Cheibriados.
             Slain by a mummy (19 damage)
             ... in an ossuary.
             The game lasted 00:14:21 (6128 turns).

buhh the Skirmisher (Octopode Transmuter)           Turns: 6128, Time: 00:14:22

Health: -1/52      AC:  1    Str: 11    XL:     7   Next: 76%
Magic:  3/10       EV: 13    Int: 20    God:    Cheibriados [*.....]
Gold:   304        SH:  0    Dex: 14    Spells: 0/10 levels left

rFire   . . .      SeeInvis .     - Unarmed
rCold   . . .      Faith    .   (no shield)
rNeg    . . .      Spirit   .   (helmet restricted)
rPois   .          Reflect  .   l - amulet of regeneration
rElec   .          Harm     .   (no ring)
rCorr   .          Rampage  .   (no ring)
Will    .....                   (no ring)
Stlth   +++.......              (no ring)
HPRegen 0.97/turn               (no ring)
MPRegen 0.12/turn               (no ring)
                                (no ring)
                                (no ring)

@: marked, wereblooded, flying, very slightly contaminated, very slow
A: almost no armour, amphibious, 8 rings, camouflage 1, gelatinous body 1,
(nimble swimmer 1), tentacles, deterioration 2
a: Renounce Religion, Bend Time


You were in an ossuary.
You worshipped Cheibriados.
Cheibriados was aware of your devotion.
You visited 2 branches of the dungeon, and saw 7 of its levels.
You also visited: Ossuary.

You collected 304 gold pieces.

Inventory:

Hand Weapons
 b - a +0 hunting sling
Missiles
 h - 89 stones
 m - a throwing net {!f}
 s - 3 poisoned darts
Jewellery
 l - an amulet of regeneration (around mantle)
Scrolls
 i - 2 scrolls of noise
 C - a scroll of acquirement
 Q - a scroll of fog
 T - a scroll of immolation {!d}
 X - a scroll of amnesia
Potions
 e - a potion of attraction {unknown}
 k - a potion of flight
 o - a potion of haste {unknown}
 r - a potion of brilliance {unknown}
 N - a potion of curing {!q!d}
 U - 2 potions of mutation {!d}


   Skills:
 - Level 6.0 Fighting
 - Level 2.0 Dodging
 - Level 1.0 Stealth
 - Level 3.0 Unarmed Combat
 - Level 2.0 Spellcasting
 * Level 5.6 Transmutations
 * Level 1.5 Ice Magic


You couldn't memorise any spells.
You knew the following spells:

 Your Spells              Type           Power      Damage    Failure   Level
a - Beastly Appendage     Tmut           48%        N/A       1%          1
b - Wereblood             Tmut           24%        N/A       2%          2
c - Spider Form           Tmut/Pois      13%        N/A       14%         3
d - Ice Form              Ice/Tmut       16%        N/A       34%         4

Your spell library contained the following spells:

 Spells                   Type           Power      Damage    Failure   Level
 Slow                     Hex            8%         N/A       16%         1
 Corpse Rot               Necr/Air       4%         N/A       24%         2
 Poisonous Vapours        Pois/Air       4%         N/A       24%         2
 Call Canine Familiar     Summ           2%         N/A       43%         3
 Confusing Touch          Hex            2%         N/A       43%         3
 Portal Projectile        Hex/Tloc       4%         N/A       43%         3
 Vampiric Draining        Necr           2%         2d6       43%         3
 Leda's Liquefaction      Hex/Erth       1%         N/A       83%         4


Dungeon Overview and Level Annotations

Branches:
Dungeon (6/15)             Temple (1/1) D:5         Ossuary (1/1)

Altars:
Ashenzari
Cheibriados
Elyvilon
Fedhas
Gozag
Nemelex Xobeh
Qazlal
Ru
Sif Muna
Trog
Xom
Yredelemnul
The Shining One

Annotations:
D:3 exclusion: orc wizard


Innate Abilities, Weirdness & Mutations

You cannot wear most types of armour.
You are amphibious.
You can wear up to eight rings at the same time.
Your skin changes colour to match your surroundings (Stealth+).
Your rubbery body absorbs attacks. (AC +1, EV +1)
((You are camouflaged when in or above water. (Stealth+)))
You have tentacles for arms and can constrict up to eight enemies at once.
Your body often deteriorates upon taking damage.


Message History

This is a scroll of acquirement!
C - a scroll of acquirement
Okay, then.
It was a potion of mutation.
You feel extremely strange.
You feel yourself wasting away.
You feel your body start to fall apart.
U - 2 potions of mutation The centaur zombie misses you.
The centaur zombie closely misses you. The adder zombie barely misses you.
The centaur zombie barely misses you. The centaur zombie kicks you.
Okay, then.
Really wriggle onto that alarm trap?
You set off the alarm!
The alarm trap emits a blaring wail!
The mark upon you grows brighter. The adder zombie misses you. x2
A kobold zombie comes into view.
Unknown command.
Casting: Wereblood (safe; 2% risk of failure)
Confirm with . or Enter, or press ? or * to list all spells.
Okay, then.
Casting: Wereblood (safe; 2% risk of failure)
Confirm with . or Enter, or press ? or * to list all spells.
The spell is quite dangerous to miscast (34% risk of failure)!
Continue anyway?
You miscast Ice Form.
You are very lightly contaminated with residual magic.
You are caught in an explosion of ice and frost!
* * * LOW HITPOINT WARNING * * *
The centaur zombie closely misses you.
The centaur zombie kicks you but does no damage.
The adder zombie barely misses you.
Casting: Ice Form (quite dangerous; 34% risk of failure)
Confirm with . or Enter, or press ? or * to list all spells.
Okay, then.
Really quaff
N - 2 potions of curing {!q!d}?
You feel better. The adder zombie bites you.
It was a potion of flight.
You feel very buoyant.
You fly up into the air.
k - a potion of flight;
e - a sapphire potion The adder zombie bites you.
The mummy hits you!!
You die...

#...# #...# #...#
#...# #...# #...#
#...####+.... #...#
#...#.....∩.# #...#
#...#.......# #...#
#...#.......# #...#
#...#......Z####Z#...#
#...#.....ZMMZZZZ#...#
#...#.####.@####Z#...#
#...# #..# #...# #...#
#.^# #...#
#...######..######...#
#....................#
#........8..8........#
#....................#
#....................#
######################


You could see 2 mummies, 2 adder zombies, a kobold zombie, an orc zombie, 2
centaur zombies and a human zombie.

Vanquished Creatures
  A yak (D:5)
  A centaur (D:5)
  2 centaur zombies
  2 hounds
  An orc wizard (D:4)
  A hound skeleton (D:4)
  A howler monkey skeleton (D:6)
  5 adders (D:4)
  3 gnolls
  An ufetubus (D:4)
  An adder zombie (D:5)
  An adder skeleton (D:4)
  3 worms
  2 dart slugs
  5 orcs
  7 bats
  4 endoplasms
  3 giant cockroaches
  4 goblins
  9 hobgoblins
  3 jackals (D:3)
  4 quokkas
  7 ball pythons
  5 frilled lizards
  8 hobgoblin zombies (Ossuary)
  5 kobolds
  8 kobold zombies (Ossuary)
  4 orc zombies (Ossuary)
  A quokka skeleton (D:4)
  A quokka zombie (D:6)
  9 rats
  A rat zombie (D:6)
113 creatures vanquished.

Vanquished Creatures (collateral kills)
  2 yaks (D:5)
2 creatures vanquished.

Vanquished Creatures (others)
  A yak (D:5)
  2 withered plants (D:6)
3 creatures vanquished.

Grand Total: 118 creatures vanquished

Notes
Turn   | Place    | Note
-------+----------+-------------------------------------------
     0 | D:1      | buhh the Octopode Transmuter began the quest for the Orb.
     0 | D:1      | Reached XP level 1. HP: 13/13 MP: 3/3
   549 | D:1      | Reached XP level 2. HP: 15/19 MP: 3/5
   869 | D:1      | Reached skill level 2 in Fighting
  1128 | D:1      | Reached XP level 3. HP: 13/25 MP: 4/6
  1655 | D:2      | Found a faded altar of an unknown god.
  1745 | D:2      | Reached skill level 3 in Fighting
  2187 | D:2      | Reached XP level 4. HP: 10/33 MP: 5/7
  2828 | D:3      | Noticed a phantom
  3051 | D:3      | Reached skill level 4 in Fighting
  3367 | D:3      | Found a blossoming altar of Fedhas.
  3486 | D:3      | Found an opulent altar of Gozag.
  3486 | D:3      | Found a basalt altar of Yredelemnul.
  3834 | D:4      | Reached XP level 5. HP: 35/38 MP: 8/8
  3839 | D:4      | Found a sacrificial altar of Ru.
  4067 | D:4      | Reached skill level 5 in Fighting
  4508 | D:5      | Entered Level 5 of the Dungeon
  4508 | D:5      | Noticed a yak
  4508 | D:5      | Noticed a yak
  4508 | D:5      | Noticed a yak
  4509 | D:5      | Noticed a yak
  4571 | D:5      | Found a bloodstained altar of Trog.
  4636 | D:5      | Found a staircase to the Ecumenical Temple.
  4822 | D:3      | Learned a level 2 spell: Wereblood
  4826 | D:3      | Learned a level 3 spell: Spider Form
  5103 | D:5      | Noticed a centaur
  5109 | D:4      | Reached XP level 6. HP: 26/45 MP: 7/9
  5246 | Temple   | Entered the Ecumenical Temple
  5266 | Temple   | Became a worshipper of Cheibriados the Contemplative
  5344 | D:5      | Killed a yak
  5355 | D:5      | Killed a yak
  5356 | D:5      | Reached XP level 7. HP: 51/51 MP: 10/10
  5380 | D:5      | Killed a yak
  5616 | D:5      | Reached skill level 6 in Fighting
  5861 | D:6      | Found a sand-covered staircase.
  5893 | Ossuary  | Entered an ossuary
  6005 | Ossuary  | Learned a level 4 spell: Ice Form
  6009 | Ossuary  | Reached * piety under Cheibriados
  6124 | Ossuary  | Identified a scroll of acquirement
  6124 | Ossuary  | Gained mutation: Your body sometimes deteriorates upon
                  | taking damage. [potion of mutation]
  6124 | Ossuary  | Gained mutation: Your body often deteriorates upon taking
                  | damage. [potion of mutation]
  6128 | Ossuary  | Slain by a mummy

Illustrated notes

Levels and vault maps discovered:
D:1:      minmay_arrival_glassed_features, layout_loops_cross
D:2:      layout_basic, ebering_ecumenical_altar_mist
D:3:      layout_basic, lemuel_doored_altar, grunt_temple_overflow_open
D:4:      layout_basic, mainiacjoe_overflow_alcove_4
D:5:      minmay_clustersquares, layout_basic, amcnicky_altar_gilded,
          okawaru_ov_weapons_minmay, temple_fountains, uniq_edmund
D:6:      layout_rooms, kiku_gazebo_garden_becter, enter_ossuary_4,
          minmay_manual_moon, uniq_duvessa
Temple:   nicolae_temple_god_jail
Ossuary:  ossuary_tomb_1

Skill      XL: |  1  2  3  4  5  6  7 |
---------------+----------------------+-----
Stealth        | 1 |  1.0
Fighting       | 2 3 4 5 6 |  6.0
Transmutations | 3 4 5 |  5.6
Ice Magic      | 1 |  1.5
Dodging        | |  2.0
Unarmed Combat | |  3.0
Spellcasting   | |  2.0

Action                   |  1- 3 |  4- 6 |  7- 9 || total
-------------------------+-------+-------+-------++-------
Melee: Unarmed           |    81 |    90 |   111 ||   282
       Constrict         |    22 |    29 |     1 ||    52
       Kick              |    15 |    32 |       ||    47
       Tentacles         |     8 |    21 |     3 ||    32
       Punch             |     2 |     4 |       ||     6
 Fire: Hunting sling     |     4 |    67 |       ||    71
Throw: Throwing net      |       |     2 |       ||     2
       Dart              |       |     1 |       ||     1
 Cast: Beastly Appendage |    22 |    19 |       ||    41
       Spider Form       |       |       |    19 ||    19
       Wereblood         |       |       |     1 ||     1
Evoke: Wand              |       |     7 |     7 ||    14
  Use: Scroll            |       |     1 |     8 ||     9
       Potion            |       |       |     3 ||     3
 Stab: Sleeping          |     9 |     5 |       ||    14
Armor: Skin              |     7 |    16 |    18 ||    41
Dodge: Dodged            |    49 |    84 |   146 ||   279
